 Dungeon Crawl Stone Soup version 0.26-a0-651-gb41185065b (webtiles) character file.

Game seed: 14013989571304817503

(classic levelgen) 2 EnegeticOcto the Sneak (level 1, 0/20 HPs)
             Began as a Deep Dwarf Delver on Oct 24, 2020.
             Was an Initiate of Ru.
             Slain by an ogre
             ... wielding a +0 giant spiked club
              (16 damage)
             ... on level 5 of the Dungeon.
             The game lasted 00:01:29 (397 turns).

EnegeticOcto the Sneak (Deep Dwarf Delver)           Turns: 397, Time: 00:01:29

Health: 0/20       AC:  6    Str: 15    XL:     1   Next: 25%
Magic:  1/1        EV: 11    Int: 10    God:    Ru [......]
Gold:   5          SH:  0    Dex: 14    Spells: 0/0 levels left

rFire    . . .     SeeInvis .   a - +0 hand axe
rCold    . . .     Faith    .   (no shield)
rNeg     . . .     Spirit   .   i - +0 ring mail
rPois    .         Reflect  .   h - +0 helmet
rElec    .         Harm     .   (no cloak)
rCorr    .         Rampage  .   (no gloves)
MR       .....                  (no boots)
Stlth    +++.......             (no amulet)
HPRegen  0.00/turn              (no ring)
MPRegen  0.07/turn              (no ring)

@: non-regenerating
A: damage resistance, heal wounds, sense surroundings 1, no regeneration
a: Heal Wounds, Renounce Religion


You were on level 5 of the Dungeon.
You worshipped Ru.
Ru was noncommittal.
You visited 2 branches of the dungeon, and saw 3 of its levels.

You collected 5 gold pieces.

Inventory:

Hand Weapons
 a - a +0 hand axe (weapon)
Armour
 b - a +0 leather armour
 h - a +0 helmet (worn)
 i - a +0 ring mail (worn)
Wands
 g - a wand of digging (3) {@v3}
Scrolls
 c - a scroll of fog
 d - 2 scrolls of teleportation {@r3}
 e - a scroll of fear
Potions
 f - 2 potions of haste {@q4}


   Skills:
 - Level 2.6 Fighting
 + Level 2.4 Axes
 - Level 2.1 Dodging
 - Level 6.0 Stealth


You couldn't memorise any spells.
You didn't know any spells.
Your spell library was empty.

Dungeon Overview and Level Annotations

Branches:
Dungeon (5/15)             Temple (1/1) D:5

Altars:
Ashenzari
Dithmenos
Elyvilon
Fedhas
Nemelex Xobeh
Okawaru
Ru
Sif Muna
Trog
Uskayaw
Wu Jian
Yredelemnul
The Shining One

Shops:
D:5 ?


Innate Abilities, Weirdness & Mutations

You are resistant to damage.
You can heal yourself by infusing magical energy.
You passively map a small area around you.
You do not regenerate.


Message History

Found a stone staircase leading down.
There is an open door here.
You open the door.
There is an open door here.
Found an escape hatch in the floor.
Found a potion of haste.
f - 2 potions of haste {@q4} (gained 1);
d - a scroll labeled DIMMYI POMUZ You open the door.
There is an open door here.
Found a helmet.
Found a fustibalus.
You see here a helmet.
You start putting on your armour.
You continue putting on your helmet. x4
You finish putting on your +0 helmet.
Found 20 stones.
Found a scroll labeled FOINWE AQUALICH.
A leopard gecko comes into view.
A leopard gecko is nearby!
A leopard gecko is nearby!
A leopard gecko is nearby!
A leopard gecko is nearby!
A leopard gecko is nearby!
Found a staircase to the Ecumenical Temple.
There is a staircase to the Ecumenical Temple here.
You climb downwards.
Welcome to the Ecumenical Temple!
Found a broken altar of Ashenzari.
There is a staircase back to the Dungeon here.
Found a white marble altar of Elyvilon.
There is a broken altar of Ashenzari here.
Why would you want to do that?
Found an iron altar of Okawaru.
Found a bloodstained altar of Trog and a basalt altar of Yredelemnul.
Found a blossoming altar of Fedhas.
There is a bloodstained altar of Trog here.
Found a shadowy altar of Dithmenos.
Found a hide-covered altar of Uskayaw.
Found a glowing golden altar of the Shining One.
Found an ornate altar of the Wu Jian Council.
There is a glowing golden altar of the Shining One here.
Found a sparkling altar of Nemelex Xobeh.
There is an ornate altar of the Wu Jian Council here.
Found a sacrificial altar of Ru.
Found a shimmering blue altar of Sif Muna.
There is a sacrificial altar of Ru here.
As you read the scroll labeled DIMMYI POMUZ, it crumbles to dust.
It is a scroll of identify.
You don't have any unidentified items.
You kneel at the altar of Ru.
Ru welcomes you!
There is an ornate altar of the Wu Jian Council here.
There is a white marble altar of Elyvilon here.
There is a staircase back to the Dungeon here.
You climb upwards.
There is a staircase to the Ecumenical Temple here.
You miss the leopard gecko.
The leopard gecko hisses angrily.
The leopard gecko bites you.
You miss the leopard gecko. The leopard gecko barely misses you. x2
You hit the leopard gecko.
The leopard gecko is almost dead.
The leopard gecko bites you.
You hit the leopard gecko.
You kill the leopard gecko!
No target in view!
No target in view!
You see here 20 stones.
d - a scroll labeled FOINWE AQUALICH
Found 5 gold pieces.
You now have 5 gold pieces.
Found a mace.
Found a scroll labeled FOINWE AQUALICH.
d - 2 scrolls labeled FOINWE AQUALICH (gained 1)
You open the door.
Found 3 large rocks.
There is an open door here.
An iguana comes into view.
Found a stone staircase leading up.
Found a ring mail, a scroll of identify and 29 stones.
i - a scroll of identify {@r1}
As you read the scroll of identify {@r1}, it crumbles to dust.
d - 2 scrolls of teleportation
There is a stone staircase leading up here.
You can't go down here!
You climb upwards.
There is a stone staircase leading down here.
You climb downwards.
There is a stone staircase leading up here.
You see here a ring mail.
You start removing your armour.
You continue taking off your +0 leather armour. x4
You finish taking off your +0 leather armour.
You start putting on your armour.
You continue putting on your ring mail. x5
You finish putting on your +0 ring mail.
Found 8 gold pieces.
An ogre comes into view. It is wielding a +0 giant spiked club.
The ogre shouts!
Found a stone staircase leading down.
The ogre hits you with a +0 giant spiked club!
Ouch! That really hurt!
You die...

.# *,**,**,*,*,,,,,,,,,***,* *,
.# *,**,##..,,,,.#**,*****,* *,
.# *,,,,,..#,,,,.# *,,,,,,,* *,
.## ***#,*#.#****.#*#+##***** *,
..# #.##$### *.##...#* *, ..#
*,.....# *.#..>..** *** ..#
**##.#.# *.......,** **,*
##########....###.......,,****,,,
................@O......,,+,,,,,,
##########..............,,****,,,
# ##...####......,** **,* #...#
*#.....** *** #...# *#...#* ##.##
*#+## #.# #.# ##### #.# #.#
####...## *,* ##.###>.......


You could see an ogre.

Vanquished Creatures
  A leopard gecko (D:5)
1 creature vanquished.

Notes
Turn   | Place    | Note
-------+----------+-------------------------------------------
     0 | D:5      | EnegeticOcto the Deep Dwarf Delver began the quest for the
                  | Orb.
     0 | D:5      | Reached XP level 1. HP: 20/20 MP: 1/1
    39 | D:5      | Found Pyguhyc's Magic Scroll Shoppe.
   157 | D:5      | Found a staircase to the Ecumenical Temple.
   166 | Temple   | Entered the Ecumenical Temple
   219 | Temple   | Became a worshipper of Ru the Awakened
   334 | D:5      | Noticed an iguana
   394 | D:5      | Noticed an ogre
   397 | D:5      | Slain by an ogre

Illustrated notes

Levels and vault maps discovered:
D:4:      layout_basic, kennysheep_generic_room_4
D:5:      layout_loops_corners, temple_hall, serial_shops, shop
Temple:   regret_index_temple_waves

Action                   || total
-------------------------++-------
Melee: Hand axe          ||     4
  Use: Scroll            ||     4
Dodge: Dodged            ||     2

Table legend: (Time is in decaauts)
 A = Elapsed time spent in this place.
 B = Non-inter-level travel time spent in this place.
 C = Inter-level travel time spent in this place.
 D = Time resting spent in this place.
 E = Time spent auto-exploring this place.
 F = Levels seen in this place.
 G = Mean time per level.
                   A        B        C        D        E       F      G
               +--------+--------+--------+--------+--------+-----+--------+
         Total |    398 |    352 |     46 |      0 |      0 |   3 |  132.7 |
       Dungeon |    297 |    297 |      0 |      0 |      0 |   2 |  148.5 |
        Temple |    100 |     54 |     46 |      0 |      0 |   1 |  100.0 |
               +--------+--------+--------+--------+--------+-----+--------+

Top non-repeatable levels by time:
     D:5: 295 daAuts
  Temple: 100 daAuts
     D:4: 1 daAuts
